 Dungeon Crawl Stone Soup version 0.27-a0-67-g4bfc8a49e1 (webtiles) character file.

Game seed: 4566078864613393591

81 runemasterragnar the Skirmisher (level 4, 0/50 HPs)
             Began as an Ogre Monk on Jan 8, 2021.
             Killed from afar by a kobold (21 damage)
             ... with a bolt of acid
             ... on level 3 of the Dungeon on Jan 9, 2021.
             The game lasted 00:02:28 (2370 turns).

runemasterragnar the Skirmisher (Ogre Monk)         Turns: 2370, Time: 00:02:28

Health: 0/50       AC: -1    Str: 15    XL:     4   Next: 42%
Magic:  4/4        EV: 10    Int: 12    God:
Gold:   125        SH:  0    Dex: 11    Spells: 3/3 levels left

rFire    . . .     SeeInvis .   a - +0 hand axe
rCold    . . .     Faith    .   (no shield)
rNeg     . . .     Spirit   .   b - +0 robe
rPois    .         Reflect  .   (helmet restricted)
rElec    .         Harm     .   (no cloak)
rCorr    .         Rampage  .   (gloves unavailable)
Will     .....                  (boots unavailable)
Stlth    ++........             d - amulet of regeneration
HPRegen  0.56/turn              (no ring)
MPRegen  0.09/turn              (no ring)

@: corroded
A: large, unfitting armour, tough skin 1
a: no special abilities


You were on level 3 of the Dungeon.
You visited 1 branch of the dungeon, and saw 3 of its levels.

You collected 125 gold pieces.

Inventory:

Hand Weapons
 a - a +0 hand axe (weapon)
 e - a cursed -3 hunting sling
Missiles
 f - 19 sling bullets
 m - 3 poisoned darts (quivered)
Armour
 b - a +0 robe (worn)
Jewellery
 d - an amulet of regeneration (around neck)
Scrolls
 c - 5 scrolls of remove curse
 i - a scroll of fog {unknown}
 j - a scroll of blinking {unknown}
 l - 3 scrolls of teleportation {unknown}
 o - a scroll of magic mapping {unknown}
 p - a scroll of immolation {unknown}
 s - a scroll of identify
Potions
 g - a potion of haste {unknown}
 h - 2 potions of curing {unknown}
 k - 2 potions of might {unknown}
 n - 2 potions of flight {unknown}
 q - a potion of heal wounds {unknown}
 r - 2 potions of brilliance


   Skills:
 * Level 5.4 Fighting
 + Level 3.5 Axes
 + Level 1.0 Throwing
 + Level 3.1 Dodging
 - Level 1.4 Stealth


You had 3 spell levels left.
You didn't know any spells.
Your spell library was empty.

Dungeon Overview and Level Annotations

Branches:
Dungeon (3/15)

Altars:


Innate Abilities, Weirdness & Mutations

You are too large for most types of armour.
You have tough skin. (AC +1)


Message History

A kobold comes into view. It is carrying a wand of acid (13).
The kobold shouts!
A kobold is nearby!
A kobold is nearby!
A kobold is nearby!
You barely miss the kobold. The kobold hits you.
The kobold zaps a wand.
The bolt of acid hits you! The acid corrodes you!
You are splashed with acid!
A kobold is nearby!
You are too injured to fight recklessly!
A kobold is nearby!
You are too injured to fight recklessly!
A kobold is nearby!
You are too injured to fight recklessly!
A kobold is nearby!
You are too injured to fight recklessly!
You closely miss the kobold. The kobold hits you.
You barely miss the kobold. The kobold hits you.
You hit the kobold but do no damage.
The kobold zaps a wand.
The bolt of acid hits you!!
You die...

#....... ### #...?..
##.## ...... ##...##
###.....
##.....########.......##
#......................
##.....###.#.#######..#
#....## #.#.# #.<###
######.#.#####.#@#
#....#
#.#....<..<.##.#K#
#.##.#####
....#######.##.#.#####
#.##.#<... #.#.#
...#.....###........†
#.#.#
###.#.......##.#[###
#.#.# .................#
#...# ......#.######.###
##..# .......### #.#
#..####### #.....####.#


You could see a kobold.

Vanquished Creatures
  3 adders
  3 dart slugs
  5 giant cockroaches
  7 goblins
  5 hobgoblins
  8 kobolds
  A quokka (D:2)
  2 ball pythons
  3 bats
  7 frilled lizards
  5 rats
49 creatures vanquished.

Notes
Turn   | Place    | Note
-------+----------+-------------------------------------------
     0 | D:1      | runemasterragnar the Ogre Monk began the quest for the Orb.
     0 | D:1      | Reached XP level 1. HP: 24/24 MP: 1/1
   160 | D:1      | Reached XP level 2. HP: 28/33 MP: 2/2
   668 | D:1      | Reached XP level 3. HP: 41/41 MP: 3/3
   960 | D:2      | Reached skill level 5 in Fighting
  1229 | D:2      | Found a faded altar of an unknown god.
  1756 | D:2      | Reached XP level 4. HP: 29/50 MP: 4/4
  2106 | D:2      | Upgraded the game from 0.27-a0-54-g64bdb92e38 to
                  | 0.27-a0-67-g4bfc8a49e1
  2288 | D:3      | Reached skill level 1 in Throwing
  2370 | D:3      | Killed from afar by a kobold

Illustrated notes

Levels and vault maps discovered:
D:1:      wheals_arrival_shading, layout_loops_ring, patterned_corridor
D:2:      layout_basic, chequers_ecumenical_altar_simple_redux,
          ebering_dispersal_statue_hall, chequers_decorated_corner
D:3:      layout_loops_ring, serial_rivers, chequers_serial_rivers_micro_d,
          chequers_serial_rivers_micro_a, chequers_serial_rivers_room_b,
          chequers_serial_rivers_micro_e, minmay_pentomino_pile, uniq_ijyb

Skill      XL: |  1  2  3  4 |
---------------+-------------+-----
Dodging        | 3 |  3.1
Fighting       | 5 |  5.4
Throwing       | 1 |  1.0
Axes           | |  3.5
Stealth        | |  1.4

Action                   |  1- 3 |  4- 6 || total
-------------------------+-------+-------++-------
Melee: Hand axe          |   127 |    30 ||   157
Throw: Dart              |     8 |       ||     8
  Use: Scroll            |       |     3 ||     3
 Stab: Sleeping          |     4 |     2 ||     6
Armor: Robe              |    49 |     5 ||    54
Dodge: Dodged            |    71 |    17 ||    88

Table legend: (Time is in decaauts)
 A = Elapsed time spent in this place.
 B = Non-inter-level travel time spent in this place.
 C = Inter-level travel time spent in this place.
 D = Time resting spent in this place.
 E = Time spent auto-exploring this place.
 F = Levels seen in this place.
 G = Mean time per level.
                   A        B        C        D        E       F      G
               +--------+--------+--------+--------+--------+-----+--------+
         Total |   2391 |   2282 |    109 |      0 |   1885 |   3 |  797.0 |
       Dungeon |   2391 |   2282 |    109 |      0 |   1885 |   3 |  797.0 |
               +--------+--------+--------+--------+--------+-----+--------+

Top non-repeatable levels by time:
     D:2: 1329 daAuts
     D:1: 925 daAuts
     D:3: 136 daAuts
